 Dungeon Crawl Stone Soup version 0.23.1 (webtiles) character file.

Game seed: 15222705982105285253

102 Acheron the Caller (level 4, -3/21 HPs)
             Began as a Vine Stalker Summoner on Mar 4, 2019.
             Splashed by a jelly's acid (4 damage)
             ... on level 5 of the Dungeon.
             The game lasted 00:17:37 (2929 turns).

Acheron the Caller (Vine Stalker Summoner)          Turns: 2929, Time: 00:17:38

Health: -3/21      AC: -1    Str: 11    XL:     4   Next: 78%
Magic:  0/8        EV:  9    Int: 15    God:
Gold:   139        SH:  0    Dex: 15    Spells: 2/8 levels left

rFire    . . .     SeeInvis .   f - +0 spear
rCold    . . .     Gourm    .   (no shield)
rNeg     + . .     Faith    .   o - +1 scale mail {rN+}
rPois    .         Spirit   +   (no helmet)
rElec    .         Reflect  .   (no cloak)
rCorr    .         Harm     .   (no gloves)
MR       .....                  (no boots)
Stlth    +.........             (no amulet)
HPRegen  0.47/turn              (no ring)
MPRegen  0.11/turn              (no ring)

@: corroded
A: fangs 2, regeneration 1, magic shield, antimagic bite, no potion heal 3, rot
immunity
a: no special abilities


You were on level 5 of the Dungeon.
You were hungry.

You visited 1 branch of the dungeon, and saw 5 of its levels.

You collected 139 gold pieces.

Inventory:

Hand Weapons
 f - a +0 spear (weapon)
 h - a +0 dagger
 k - a +0 short sword
 l - a +0 rapier
Missiles
 e - 122 stones (quivered)
Armour
 a - a +0 robe
 g - a +0 ring mail
 o - a +1 scale mail of positive energy (worn)
Jewellery
 i - an uncursed ring of protection from magic {unknown}
 n - a +2 ring of intelligence {unknown}
Wands
 q - a wand of flame (21)
Scrolls
 d - a scroll of remove curse
 j - a scroll of magic mapping
 r - a scroll of identify
Potions
 b - 3 potions of curing {unknown}
 m - a potion of flight {unknown}
 s - a potion of heal wounds {unknown}
Comestibles
 c - 3 rations
 p - 5 chunks of flesh


   Skills:
 * Level 0.3 Fighting
 * Level 0.5 Short Blades
 + Level 1.0 Polearms
 + Level 0.6 Throwing
 * Level 2.1 Dodging
 * Level 3.3 Stealth
 - Level 0.2 Unarmed Combat
 * Level 2.5 Spellcasting
 + Level 4.4 Summonings
 * Level 0.5 Evocations


You had 2 spell levels left.
You knew the following spells:

 Your Spells              Type           Power        Failure   Level  Hunger
a - Summon Small Mammal   Summ           ###.         22%         1    #......
b - Call Imp              Summ           ###.....     32%         2    ###....
c - Call Canine Familiar  Summ           ###.....     54%         3    ###....

Your spell library contained the following spells:

 Spells                   Type           Power        Failure   Level  Hunger
 Summon Guardian Golem    Hex/Summ       #.......     85%         3    ###....
 Summon Ice Beast         Ice/Summ       #.......     99%         4    #####..
 Summon Lightning Spire   Summ/Air       #.......     99%         4    #####..


Dungeon Overview and Level Annotations

Branches:
Dungeon (5/15)
 Temple: D:4-7

Altars:

Annotations:
D:3 1 runed translucent door, Crazy Yiuf


Innate Abilities, Weirdness & Mutations

You have extremely sharp teeth.
Your natural rate of healing is unusually fast.
When hurt, damage is shared between your health and your magic reserves.
Your bite disrupts and absorbs the magic of your enemies.
Potions cannot restore your health.
You are immune to rotting.


Message History

The hound closely misses you.
Your scale mail prevents you from hitting the jelly.
You bite the jelly. You drain its power.
You feel invigorated.
The jelly is heavily wounded.
The hound closely misses you. The jelly barely misses you.
You hit the jelly.
Your hands burn!
You bite the jelly. You drain its power.
The jelly is severely wounded.
The hound closely misses you. The hound bites you.
The jelly hits you but does no damage.
You hit the jelly but do no damage. The acid corrodes you!
Your hands burn!
Your bite misses the jelly.
The jelly is severely wounded.
The hound bites you but does no damage. The jelly closely misses you.
The hound bites you.
You hit the jelly but do no damage. The acid corrodes you!
Your hands burn!
The jelly is severely wounded.
The hound bites you. The jelly hits you.
You are splashed with acid!
* * * LOW HITPOINT WARNING * * *
You hit the jelly.
Your hands burn!
You die...

#....
##.#.#
....#
#...#
##!?.#
....#
#J.###
#.@h.#
##.#.#
#.# #
#$#
#.#
#.#
..#
###


You could see a hound and a jelly.

Vanquished Creatures
  A gnoll (D:4)
  2 adders
  An ooze (D:2)
  3 worms
  A dart slug (D:1)
  2 leopard geckos
  2 orcs (D:3)
  A ball python (D:4)
  3 giant cockroaches
  6 goblins
  6 hobgoblins
  8 kobolds
  A quokka (D:4)
  5 bats
  3 frilled lizards (D:1)
  10 rats
55 creatures vanquished.

Vanquished Creatures (collateral kills)
  A dart slug (D:2)
  A kobold (D:2)
2 creatures vanquished.

Grand Total: 57 creatures vanquished

Notes
Turn   | Place    | Note
-------+----------+-------------------------------------------
     0 | D:1      | Acheron the Vine Stalker Summoner began the quest for the
                  | Orb.
     0 | D:1      | Reached XP level 1. HP: 9/9 MP: 4/4
   464 | D:1      | Reached XP level 2. HP: 13/13 MP: 6/6
   835 | D:1      | Reached XP level 3. HP: 15/16 MP: 7/7
   856 | D:1      | Learned a level 2 spell: Call Imp
  2000 | D:2      | Gained mutation: Your natural rate of healing is unusually
                  | fast. [Vine Stalker growth]
  2000 | D:2      | Reached XP level 4. HP: 20/21 MP: 8/8
  2198 | D:2      | Learned a level 3 spell: Call Canine Familiar
  2483 | D:3      | Reached skill level 1 in Polearms
  2730 | D:3      | Found a runed translucent door.
  2789 | D:3      | Noticed Crazy Yiuf
  2921 | D:5      | Entered Level 5 of the Dungeon
  2928 | D:5      | HP: 1/21 [acid (7)]
  2929 | D:5      | Splashed by a jelly's acid

Skill      XL: |  1  2  3  4 |
---------------+-------------+-----
Stealth        | 3 |  3.3
Dodging        | 2 |  2.1
Polearms       | 1 |  1.0
Fighting       | |  0.3
Short Blades   | |  0.5
Throwing       | |  0.6
Unarmed Combat | |  0.2
Spellcasting   | |  2.5
Summonings     | |  4.4
Evocations     | |  0.5

Action                   |  1- 3 |  4- 6 || total
-------------------------+-------+-------++-------
Melee: Unarmed           |    16 |       ||    16
       Spear             |    86 |    98 ||   184
       Bite              |    16 |    23 ||    39
       Short sword       |     9 |       ||     9
Throw: Stone             |     6 |       ||     6
 Cast: Summon Small Mamm |     8 |       ||     8
       Call Imp          |     4 |     1 ||     5
  Use: Scroll            |       |     5 ||     5
 Stab: Sleeping          |     3 |     1 ||     4
  Eat: Chunk             |     2 |     1 ||     3
       Ration            |     1 |       ||     1
Armor: Robe              |    25 |       ||    25
       Ring mail         |     3 |    11 ||    14
       Scale mail        |       |    35 ||    35
Dodge: Dodged            |    66 |    58 ||   124
